 Dungeon Crawl Stone Soup version 0.18-a0-1497-g788d838 (webtiles) character file.

53 milladamen the Ducker (level 3, -5/18 HPs)
             Began as a Felid Berserker on Mar 4, 2016.
             Was a Priest of Trog.
             Slain by zkyp's ghost (11 damage)
             ... on level 3 of the Dungeon.
             The game lasted 00:10:17 (1787 turns).

milladamen the Ducker (Felid Berserker)             Turns: 1787, Time: 00:10:17

Health: -5/18      AC:  1    Str: 14    XL:     3   Next: 64%
Magic:  4/4        EV: 20    Int:  8    God:    Trog [***...]
Gold:   65         SH:  0    Dex: 15    Spells: 0 memorised, 2 levels left
                                        Lives:  0   Deaths: 1

rFire  . . .     SeeInvis +       - Unarmed
rCold  . . .     Gourm    .     (armour unavailable)
rNeg   . . .     Faith    .     (shield unavailable)
rPois  .         Spirit   .     (helmet unavailable)
rElec  .         Dismiss  .     (cloak unavailable)
rCorr  .         Reflect  .     (gloves unavailable)
SustAt .         Harm     .     (boots unavailable)
MR     .....                    (no amulet)
Stlth  ++........               (no ring)
                                (no ring)

@: quick, not resistant to hostile enchantments, unstealthy
A: no armour, no weapons or thrown items, claws 1, fangs 3, see invisible,
carnivore 3, speed 1, shaggy fur 1, slow metabolism 1, sharp paws
a: Berserk, Trog's Hand, Burn Spellbooks, Renounce Religion


You were on level 3 of the Dungeon.
You worshipped Trog.
Trog was most pleased with you.
You were not hungry.

You visited 1 branch of the dungeon, and saw 3 of its levels.

You collected 65 gold pieces.

Inventory:

Jewellery
 c - an uncursed ring of protection from fire {unknown}
Wands
 l - a wand of lightning (0/15)
Scrolls
 b - 2 scrolls of blinking {unknown}
 d - 4 scrolls of teleportation {unknown}
 f - 2 scrolls of amnesia {unknown}
 g - a scroll of noise {unknown}
 h - 3 scrolls of immolation {unknown}
 i - a scroll of enchant weapon {unknown}
 j - 2 scrolls of enchant armour {unknown}
 k - a scroll of random uselessness {unknown}
 n - 3 scrolls of remove curse {unknown}
Potions
 e - a potion of might {unknown}
 m - a potion of lignification {unknown}
Comestibles
 a - a meat ration


   Skills:
 + Level 3.7 Fighting
 + Level 5.3 Dodging
 + Level 1.9 Stealth
 + Level 3.9 Unarmed Combat


You had 2 spell levels left.
You didn't know any spells.

Dungeon Overview and Level Annotations

Branches:
Dungeon (3/15)

Altars:

Annotations:
D:3 zkyp's ghost, amateur DgGl


Innate Abilities, Weirdness & Mutations

You cannot wear armour.
You are incapable of wielding weapons or throwing items.
You have sharp claws.
You have razor-sharp teeth.
You have supernaturally acute eyesight.
You are carnivorous and can eat meat at any time.
You cover ground quickly.
You are covered in fur (AC +1).
You have a slow metabolism.
Your sharp claws are effective at attacking unaware monsters.


Message History

Zkyp's ghost is lightly damaged.
Zkyp's ghost closely misses you.
You closely miss zkyp's ghost.
Zkyp's ghost is lightly damaged.
The bat completely misses you. x2; Zkyp's ghost misses you.
You miss zkyp's ghost.
Zkyp's ghost is lightly damaged.
The bat barely misses you.
You scratch zkyp's ghost but do no damage.
Zkyp's ghost is lightly damaged.
The bat closely misses you. Zkyp's ghost hits you.
You completely miss zkyp's ghost.
Zkyp's ghost is lightly damaged.
Zkyp's ghost hits you. The bat closely misses you.
You scratch zkyp's ghost but do no damage.
Your bite misses zkyp's ghost.
Zkyp's ghost is lightly damaged.
The bat misses you. The bat barely misses you. Zkyp's ghost hits you!
Ouch! That really hurt!
You die...

............# ............#
............# ............#
............#####
......$............#####
.......$......)..................
..#..#.. ...<..b.)$..............
.......#########@.#..............
...............W..#..............
.......##########$...............
......... .####.........)......
......### #.....................
..†.....#########................
#..#.............................
##...###..#....####..............
....§.....†.##...................


You could see zkyp's ghost and a bat.

Vanquished Creatures
  5 adders
  3 worms (D:2)
  An orc (D:3)
  8 goblins
  4 hobgoblins
  3 jackals (D:2)
  9 kobolds
  A quokka (D:2)
  2 ball pythons (D:2)
  10 bats
  8 giant newts
  5 rats (D:1)
59 creatures vanquished.

Notes
Turn   | Place    | Note
--------------------------------------------------------------
     0 | D:1      | milladamen the Felid Berserker began the quest for the Orb.
     0 | D:1      | Reached XP level 1. HP: 10/10 MP: 2/2
   268 | D:1      | Reached XP level 2. HP: 14/14 MP: 3/3
   451 | D:1      | Reached ** piety under Trog
   785 | D:2      | Reached XP level 3. HP: 13/17 MP: 4/4
   895 | D:2      | Reached skill level 5 in Dodging
   895 | D:2      | Reached skill level 1 in Stealth
  1025 | D:2      | Reached XP level 4. HP: 12/21 MP: 5/5
  1539 | D:2      | Reached *** piety under Trog
  1701 | D:3      | Noticed zkyp's ghost (amateur DgGl)
  1775 | D:3      | Slain by zkyp's ghost
  1776 | D:3      | Reached XP level 3. HP: -3/18 MP: 4/4
  1787 | D:3      | Slain by zkyp's ghost

Vault maps used:
D:1:      dpeg_arrival_line_fractal, serial_forest,
          infiniplex_forest_straight_2, infiniplex_forest_straight_1,
          infiniplex_forest_lined_3, infiniplex_forest_end_3,
          infiniplex_forest_clump_tiny, infiniplex_forest_straight_2
D:2:      first_bread, minmay_item_behind_shaft
D:3:      gammafunk_temple_overflow_elements, portal_sewer_entry_f

Skill      XL: |  1  2  3 |
---------------+----------+-----
Dodging        | 5 |  5.3
Stealth        | 1 |  1.9
Fighting       | |  3.7
Unarmed Combat | |  3.9

Action                   |  1- 3 |  4- 6 || total
-------------------------+-------+-------++-------
Melee: Unarmed           |   117 |    45 ||   162
Invok: Burn Spellbooks   |       |     1 ||     1
Evoke: Wand              |       |     1 ||     1
 Stab: Sleeping          |     5 |     1 ||     6
